3AAA
SUNSET DISTRICT FOG @ HARTFORD PRIDE
07/18/2041
 
TOP OF THE 1ST
Sunset District Fog batting - Pitching for Hartford Pride : RHP Tomás Huesca
Pitching: RHP Tomás Huesca
Batting: SHB Doug Watson 0-0: Called Strike
0-1: Ball
1-1: Ball
2-1: Ball
3-1: Ground out 1-3 (Groundball, P, EV 76.9 MPH)
Batting: LHB Phillip White 0-0: Called Strike
0-1: SINGLE (Groundball, 34S, EV 74.4 MPH) (infield hit)
Batting: LHB Bradley Wilson 0-0: Grounds into double play, 6-4-3 (Groundball, 6, EV 84.4 MPH)
Top of the 1st over - 0 runs, 1 hit, 0 errors, 0 left on base; Sunset District 0 - Hartford 0
BOTTOM OF THE 1ST
Hartford Pride batting - Pitching for Sunset District Fog : RHP Félix Aiza
Pitching: RHP Félix Aiza
Batting: LHB Ramón Garmendia 0-0: Ball
1-0: Ground out 6-3 (Groundball, 6M, EV 86.2 MPH)
Batting: LHB César Gómes 0-0: Ball
1-0: Ball
2-0: Ball
3-0: Called Strike
3-1: Foul Ball, location: 2F
3-2: Foul Ball, location: 2F
3-2: Foul Ball, location: 2F
3-2: Fly out, F7 (Flyball, 78D, EV 106.2 MPH)
Batting: LHB Fernando Sandoval 0-0: Ball
1-0: Foul Ball, location: 2F
1-1: Ball
2-1: Single, Error in OF, E8, batter to second base (Groundball, 4MD, EV 96.2 MPH)
Batting: LHB Shohei Otani 0-0: Called Strike
0-1: Swinging Strike
0-2: Foul Ball, location: 2F
0-2: Ball
1-2: Ball
2-2: Ball
3-2: Strikes out swinging
Bottom of the 1st over - 0 runs, 1 hit, 1 error, 1 left on base; Sunset District 0 - Hartford 0
TOP OF THE 2ND
Sunset District Fog batting - Pitching for Hartford Pride : RHP Tomás Huesca
Batting: LHB Dan Hines 0-0: Called Strike
0-1: Ball
1-1: Ball
2-1: Foul Ball, location: 2F
2-2: SINGLE (Groundball, 4MD, EV 96.9 MPH)
Batting: LHB Dallas Ihde 0-0: Ball
1-0: Foul Ball, location: 2F
1-1: Ball
2-1: Ball
3-1: Fielders Choice at 2nd, 6-4 (Groundball, 6, EV 81.2 MPH)
Batting: RHB A.T. Tappman 0-0: Called Strike
0-1: Ball
1-1: Called Strike
1-2: Fielders Choice at 2nd, 6-4 (Groundball, 56, EV 105.6 MPH)
Batting: LHB Flint Myers 0-0: Ball
1-0: DOUBLE (Line Drive, 9LM, EV 102.5 MPH)
A.T. Tappman to third
Batting: RHB Tony Hernández 0-0: Swinging Strike
0-1: Foul Ball, location: 2F
0-2: Ball
1-2: Ball
2-2: Strikes out swinging
Top of the 2nd over - 0 runs, 2 hits, 0 errors, 2 left on base; Sunset District 0 - Hartford 0
BOTTOM OF THE 2ND
Hartford Pride batting - Pitching for Sunset District Fog : RHP Félix Aiza
Now in LF: Rafael Bregonzi
Batting: RHB Felipe Campos 0-0: Swinging Strike
0-1: Ball
1-1: Ball
2-1: Ball
3-1: Foul Ball, location: 2F
3-2: Strikes out swinging
Batting: LHB Jorge Ortíz 0-0: Called Strike
0-1: Swinging Strike
0-2: Ball
1-2: Foul Ball, location: 2F
1-2: Ball
2-2: Strikes out looking
Batting: LHB Alfonso Ramírez 0-0: Called Strike
0-1: Foul Ball, location: 2F
0-2: Ball
1-2: Foul Ball, location: 2F
1-2: Foul Ball, location: 2F
1-2: Ball
2-2: Ball
3-2: Foul Ball, location: 2F
3-2: Foul Ball, location: 2F
3-2: Base on Balls
Batting: RHB Ramón Barbosa 0-0: Called Strike
0-1: Called Strike
0-2: Ball
1-2: Ball
2-2: Ball
3-2: Base on Balls
Alfonso Ramírez to second
Batting: LHB Keith York 0-0: Ball
1-0: Called Strike
1-1: Ball
2-1: Ground out 1-3 (Groundball, 23, EV 91.9 MPH)
Bottom of the 2nd over - 0 runs, 0 hits, 0 errors, 2 left on base; Sunset District 0 - Hartford 0
TOP OF THE 3RD
Sunset District Fog batting - Pitching for Hartford Pride : RHP Tomás Huesca
Batting: RHB Denis Taylor 0-0: SINGLE (Flyball, 8RS, EV 98.8 MPH)
Batting: SHB Doug Watson 0-0: Ball
1-0: Ball
2-0: DOUBLE (Flyball, 8RXD, EV 93.8 MPH)
Denis Taylor to third
Batting: LHB Phillip White 0-0: Ball
1-0: Called Strike
1-1: Ball
2-1: Swinging Strike
2-2: Strikes out swinging
Batting: LHB Bradley Wilson 0-0: Ball
1-0: Called Strike
1-1: Foul Ball, location: 2F
1-2: Ball
2-2: Ball
3-2: Base on Balls
Batting: LHB Dan Hines 0-0: Ball
1-0: SINGLE (Line Drive, 5D, EV 95.6 MPH)
Denis Taylor scores
Doug Watson to third
Bradley Wilson to second
Runner from 3rd tries for Home, SAFE, no throw by LF
Batting: SHB Rafael Bregonzi 0-0: Ball
1-0: Called Strike
1-1: Ball
2-1: Called Strike
2-2: Ball
3-2: DOUBLE (Line Drive, 89M, EV 98.8 MPH)
Bradley Wilson scores
Dan Hines to third
Batting: RHB A.T. Tappman 0-0: Fly out, F9 (Flyball, 9LS, EV 83.1 MPH)
Batting: LHB Flint Myers 0-0: Ball
1-0: Foul Ball, location: 2F
1-1: Foul Ball, location: 2F
1-2: Ground out 1-3 (Groundball, 15, EV 61.2 MPH)
Top of the 3rd over - 3 runs, 4 hits, 0 errors, 2 left on base; Sunset District 3 - Hartford 0
BOTTOM OF THE 3RD
Hartford Pride batting - Pitching for Sunset District Fog : RHP Félix Aiza
Batting: LHB Ramón Garmendia 0-0: Called Strike
0-1: Foul Ball, location: 2F
0-2: Ground out 4-3 (Groundball, 34, EV 86.9 MPH)
Batting: LHB César Gómes 0-0: Ball
1-0: Ball
2-0: Swinging Strike
2-1: Foul Ball, location: 2F
2-2: Strikes out looking
Batting: LHB Fernando Sandoval 0-0: Ball
1-0: Called Strike
1-1: Ground out 1-3 (Groundball, P, EV 64.4 MPH)
Bottom of the 3rd over - 0 runs, 0 hits, 0 errors, 0 left on base; Sunset District 3 - Hartford 0
TOP OF THE 4TH
Sunset District Fog batting - Pitching for Hartford Pride : RHP Tomás Huesca
Batting: RHB Tony Hernández 0-0: Swinging Strike
0-1: Ground out 6-3 (Groundball, 6S, EV 86.2 MPH)
Batting: RHB Denis Taylor 0-0: Ball
1-0: Fly out, F4 (Popup, 34S, EV 82.5 MPH)
Batting: SHB Doug Watson 0-0: Called Strike
0-1: Ground out 4-3 (Groundball, 4, EV 82.5 MPH)
Top of the 4th over - 0 runs, 0 hits, 0 errors, 0 left on base; Sunset District 3 - Hartford 0
BOTTOM OF THE 4TH
Hartford Pride batting - Pitching for Sunset District Fog : RHP Félix Aiza
Batting: LHB Shohei Otani 0-0: Fly out, F6 (Line Drive, 6, EV 72.5 MPH)
Batting: RHB Felipe Campos 0-0: Swinging Strike
0-1: Called Strike
0-2: Ball
1-2: Foul Ball, location: 2F
1-2: Fly out, F2 (Popup, 23F, EV 88.1 MPH)
Batting: LHB Jorge Ortíz 0-0: Swinging Strike
0-1: Foul Ball, location: 2F
0-2: Foul Ball, location: 2F
0-2: Ground out 1-3 (Groundball, 13, EV 88.8 MPH)
Bottom of the 4th over - 0 runs, 0 hits, 0 errors, 0 left on base; Sunset District 3 - Hartford 0
TOP OF THE 5TH
Sunset District Fog batting - Pitching for Hartford Pride : RHP Tomás Huesca
Batting: LHB Phillip White 0-0: Ball
1-0: Ball
2-0: Ball
3-0: Called Strike
3-1: Fly out, F5 (Line Drive, 5, EV 63.8 MPH)
Batting: LHB Bradley Wilson 0-0: Ball
1-0: Ball
2-0: Called Strike
2-1: Swinging Strike
2-2: Ground out 4-3 (Groundball, 4, EV 82.5 MPH)
Batting: LHB Dan Hines 0-0: Ball
1-0: Ball
2-0: Called Strike
2-1: Called Strike
2-2: Ball
3-2: Strikes out swinging
Top of the 5th over - 0 runs, 0 hits, 0 errors, 0 left on base; Sunset District 3 - Hartford 0
BOTTOM OF THE 5TH
Hartford Pride batting - Pitching for Sunset District Fog : RHP Félix Aiza
Batting: LHB Alfonso Ramírez 0-0: Ball
1-0: Called Strike
1-1: Ground out 1-3 (Groundball, 34S, EV 67.5 MPH)
Batting: RHB Ramón Barbosa 0-0: Ball
1-0: Fly out, F8 (Flyball, 8RS, EV 92.5 MPH)
Batting: LHB Keith York 0-0: Ball
1-0: Called Strike
1-1: Foul Ball, location: 2F
1-2: Ball
2-2: Foul Ball, location: 2F
2-2: Foul Ball, location: 2F
2-2: Ground out 4-3 (Groundball, 4, EV 76.2 MPH)
Bottom of the 5th over - 0 runs, 0 hits, 0 errors, 0 left on base; Sunset District 3 - Hartford 0
TOP OF THE 6TH
Sunset District Fog batting - Pitching for Hartford Pride : RHP Tomás Huesca
Batting: SHB Rafael Bregonzi 0-0: Swinging Strike
0-1: Fly out, F8 (Flyball, 8RM, EV 86.9 MPH)
Batting: RHB A.T. Tappman 0-0: Ball
1-0: Fly out, F8 (Flyball, 78M, EV 81.9 MPH)
Batting: LHB Flint Myers 0-0: Ball
1-0: DOUBLE (Line Drive, 7LD, EV 104.4 MPH)
Batting: RHB Tony Hernández 0-0: Fly out, F9 (Flyball, 9D, EV 87.5 MPH)
Top of the 6th over - 0 runs, 1 hit, 0 errors, 1 left on base; Sunset District 3 - Hartford 0
BOTTOM OF THE 6TH
Hartford Pride batting - Pitching for Sunset District Fog : RHP Félix Aiza
Batting: LHB Ramón Garmendia 0-0: Foul Ball, location: 2F
0-1: Ball
1-1: Ball
2-1: Fly out, F8 (Flyball, 8RM, EV 82.5 MPH)
Pitching: RHP Won-u Yi
Batting: LHB César Gómes 0-0: Called Strike
0-1: Foul Ball, location: 2F
0-2: Strikes out swinging
Batting: LHB Fernando Sandoval 0-0: Called Strike
0-1: Ball
1-1: Ball
2-1: Ball
3-1: Foul Ball, location: 2F
3-2: Ground out 6-3 (Groundball, 6M, EV 81.2 MPH)
Bottom of the 6th over - 0 runs, 0 hits, 0 errors, 0 left on base; Sunset District 3 - Hartford 0
TOP OF THE 7TH
Sunset District Fog batting - Pitching for Hartford Pride : RHP Tomás Huesca
Batting: RHB Denis Taylor 0-0: SINGLE (Flyball, 9LS, EV 93.8 MPH)
Batting: SHB Doug Watson 0-0: Ball
1-0: Sac Bunt to P - play at first, batter OUT! 1-4
Denis Taylor to second
Batting: LHB Phillip White 0-0: Ball
1-0: SINGLE (Line Drive, 8RS, EV 98.8 MPH)
Denis Taylor to third
Batting: LHB Bradley Wilson 0-0: Foul Ball, location: 2F
0-1: Foul Ball, location: 2F
0-2: Grounds into double play, 1-6-3 (Groundball, P, EV 90.0 MPH)
Top of the 7th over - 0 runs, 2 hits, 0 errors, 1 left on base; Sunset District 3 - Hartford 0
BOTTOM OF THE 7TH
Hartford Pride batting - Pitching for Sunset District Fog : RHP Won-u Yi
Batting: LHB Shohei Otani 0-0: Called Strike
0-1: Foul Ball, location: 2F
0-2: Ball
1-2: Ball
2-2: Ball
3-2: Foul Ball, location: 2F
3-2: Ground out U3 (Groundball, 3, EV 91.9 MPH)
Batting: RHB Felipe Campos 0-0: Called Strike
0-1: Called Strike
0-2: Ball
1-2: Foul Ball, location: 2F
1-2: Foul Ball, location: 2F
1-2: Foul Ball, location: 2F
1-2: Ball
2-2: Foul Ball, location: 2F
2-2: Ground out 5-3 (Groundball, 5, EV 81.2 MPH)
Batting: LHB Jorge Ortíz 0-0: Ball
1-0: Ball
2-0: Called Strike
2-1: Ground out 6-3 (Groundball, 6S, EV 77.5 MPH)
Bottom of the 7th over - 0 runs, 0 hits, 0 errors, 0 left on base; Sunset District 3 - Hartford 0
TOP OF THE 8TH
Sunset District Fog batting - Pitching for Hartford Pride : RHP Tomás Huesca
Batting: LHB Dan Hines 0-0: SOLO HOME RUN (Line Drive, 9LD, EV 101.2 MPH), Distance : 343 ft
Batting: SHB Rafael Bregonzi 0-0: SINGLE (Flyball, 7LS, EV 86.9 MPH)
Pitching: LHP Michael Esposito
Batting: RHB A.T. Tappman 0-0: Ball
1-0: Ball
2-0: Ball
3-0: Base on Balls
Rafael Bregonzi to second
Batting: LHB Flint Myers 0-0: SINGLE (Line Drive, 6D, EV 95.0 MPH)
Rafael Bregonzi to third
A.T. Tappman to second
Batting: RHB Tony Hernández 0-0: Grounds into double play, 5-4-3 (Groundball, 56, EV 108.1 MPH)
Rafael Bregonzi scores
A.T. Tappman to third
Batting: RHB Denis Taylor 0-0: Ball
1-0: Called Strike
1-1: Foul Ball, location: 2F
1-2: Strikes out swinging
Top of the 8th over - 2 runs, 3 hits, 0 errors, 1 left on base; Sunset District 5 - Hartford 0
BOTTOM OF THE 8TH
Hartford Pride batting - Pitching for Sunset District Fog : RHP Won-u Yi
Batting: LHB Alfonso Ramírez 0-0: Ball
1-0: Ball
2-0: Called Strike
2-1: Foul Ball, location: 2F
2-2: Foul Ball, location: 2F
2-2: Strikes out swinging
Batting: RHB Ramón Barbosa 0-0: Ball
1-0: Called Strike
1-1: Foul Ball, location: 2F
1-2: Ball
2-2: Strikes out swinging
Batting: LHB Keith York 0-0: Ball
1-0: Fly out, F7 (Flyball, 7, EV 88.1 MPH)
Bottom of the 8th over - 0 runs, 0 hits, 0 errors, 0 left on base; Sunset District 5 - Hartford 0
TOP OF THE 9TH
Sunset District Fog batting - Pitching for Hartford Pride : LHP Michael Esposito
Pitching: RHP Burm Snart
Batting: SHB Doug Watson 0-0: Ball
1-0: Called Strike
1-1: Ground out U3 (Groundball, 34, EV 99.4 MPH)
Batting: LHB Phillip White 0-0: Called Strike
0-1: Fly out, F7 (Flyball, 78S, EV 75.6 MPH)
Batting: LHB Bradley Wilson 0-0: Ball
1-0: Ball
2-0: Ball
3-0: Base on Balls
Batting: LHB Dan Hines 0-0: Called Strike
0-1: Ball
1-1: Called Strike
1-2: Strikes out swinging
Top of the 9th over - 0 runs, 0 hits, 0 errors, 1 left on base; Sunset District 5 - Hartford 0
BOTTOM OF THE 9TH
Hartford Pride batting - Pitching for Sunset District Fog : RHP Won-u Yi
Pitching: RHP Marcos Salinas
Batting: LHB Ramón Garmendia 0-0: Ball
1-0: Ball
2-0: Swinging Strike
2-1: Swinging Strike
2-2: Ball
3-2: Foul Ball, location: 2F
3-2: Fly out, F8 (Flyball, 8LM, EV 93.8 MPH)
Batting: LHB César Gómes 0-0: Foul Ball, location: 2F
0-1: Ball
1-1: Foul Ball, location: 2F
1-2: Foul Ball, location: 2F
1-2: Ball
2-2: Ball
3-2: Base on Balls
Batting: LHB Fernando Sandoval 0-0: Ball
1-0: Ball
2-0: Ball
3-0: Called Strike
3-1: Foul Ball, location: 2F
3-2: Base on Balls
César Gómes to second
Batting: LHB Shohei Otani 0-0: Ball
1-0: Ball
2-0: SINGLE (Groundball, 34D, EV 95.0 MPH)
César Gómes to third
Fernando Sandoval to second
Pitching: LHP Mario Herrera
Batting: RHB Felipe Campos 0-0: Ground out 5-3 (Groundball, 56S, EV 70.0 MPH)
César Gómes scores
Fernando Sandoval to third
Shohei Otani to second
Batting: LHB Jorge Ortíz 0-0: Ball
1-0: Ground out 6-3 (Groundball, 6, EV 85.0 MPH)
Bottom of the 9th over - 1 run, 1 hit, 0 errors, 2 left on base; Sunset District 5 - Hartford 1
Tuesday, January 5th, 2021 - OOTP Baseball 20.8 Build 74